Map: Simulacrum LE

Players

TheProphecy

  • Race: Terran Terran
  • League: Grandmaster
  • Spawn Location: 5:00

Harstem - Winner!

  • Race: Protoss Protoss
  • League: Grandmaster
  • Spawn Location: 11:00

VOD

Have the link to the VOD?

Description

Time

  • Played on: Dec. 18, 2019, 8:34 a.m.
  • Length: 13:39
Show
View Real Time Build Order
Export as new Build Order

TheProphecy Terran 

Build Orders:  

Get SALT Encoding   

  12  0:00  SCV  
  13  0:13  SCV  
  14  0:20  Supply Depot  
  14  0:25  SCV  
  15  0:42  SCV  
  16  0:44  Barracks  
  16  0:45  Refinery  
  16  0:54  SCV  
  17  1:06  SCV  
  18  1:18  SCV  
  19  1:30  Barracks Reactor  
  19  1:31  Orbital Command  
  19  1:40  Command Center  
  19  1:50  Supply Depot  
  19  1:56  SCV  
  20  2:08  Reaper x2  
  22  2:09  SCV  
  22  2:11  Barracks  
  23  2:21  SCV  
  23  2:22  Engineering Bay  
  24  2:34  SCV  
  25  2:39  Marine x2  
  27  2:46  SCV  
  27  2:50  Terran Infantry Weapons Level 1, Barracks  
  28  2:53  Orbital Command  
  28  2:58  Marine, Barracks Tech Lab  
  28  3:00  Marine  
  28  3:04  SCV  
  30  3:16  SCV, Marine  
  30  3:19  SCV  
  30  3:22  Marine x2  
  31  3:28  Stimpack  
  31  3:29  SCV  
  31  3:31  SCV  
  33  3:34  Marine  
  33  3:35  Missile Turret x2  
  33  3:39  Marine  
  35  3:41  SCV  
  35  3:42  Marine  
  35  3:43  SCV  
  35  3:45  Marine  
  39  3:50  Supply Depot  
  39  3:53  SCV, Marine  
  42  3:57  Marine  
  42  4:00  Marine  
  44  4:03  Marine  
  44  4:05  SCV  
  44  4:07  SCV, Refinery  
  46  4:10  Refinery  
  46  4:11  Marine  
  46  4:15  Factory  
  46  4:16  Marine  
  48  4:17  SCV  
  48  4:18  Marine  
  48  4:20  Supply Depot  
  48  4:21  SCV  
  52  4:25  Barracks Tech Lab  
  52  4:30  SCV  
  52  4:31  Marine  
  52  4:34  Marine  
  52  4:38  Supply Depot  
  54  4:41  Marine  
  54  4:42  SCV x2  
  54  4:44  Terran Infantry Armor Level 1  
  55  4:46  Marine  
  55  4:47  Refinery  
  55  4:49  Marine  
  57  4:55  Supply Depot, Combat Shield  
  57  4:56  SCV  
  57  4:57  SCV  
  59  5:03  Marine  
  59  5:04  Marauder  
  59  5:09  SCV  
  51  5:15  Marine  
  51  5:16  Factory Reactor  
  51  5:17  Starport  
  51  5:18  Marauder  
  51  5:19  SCV  
  51  5:21  SCV  
  55  5:24  Concussive Shells  
  55  5:25  Marauder  
  55  5:26  Marine  
  58  5:32  SCV  
  58  5:33  SCV  
  60  5:37  Marine  
  60  5:42  Marauder  
  63  5:45  SCV  
  63  5:46  SCV, Marauder  
  67  5:50  Marine  
  68  5:58  Marine  
  68  5:59  Factory Reactor, Command Center  
  68  6:03  Medivac  
  68  6:04  Medivac  
  73  6:09  SCV x2  
  73  6:10  Supply Depot  
  75  6:14  Marauder  
  77  6:19  Marine  
  78  6:27  Armory  
  78  6:29  Engineering Bay  
  78  6:31  SCV x2, Marine  
  78  6:32  Marauder  
  83  6:33  Supply Depot  
  83  6:38  Marine  
  83  6:39  Marauder  
  86  6:46  SCV, Barracks  
  86  6:48  Barracks  
  86  6:55  SCV, Marine, Medivac x2  
  86  6:59  Widow Mine  
  94  7:02  Supply Depot  
  94  7:04  SCV  
  93  7:12  Marine  
  94  7:21  SCV x2, Widow Mine, Orbital Command, Marauder  
  102  7:23  Widow Mine, Terran Infantry Weapons Level 2  
  102  7:27  Terran Infantry Armor Level 2  
  102  7:30  Marine  
  102  7:32  Marauder  
  102  7:33  Marine  
  102  7:36  Medivac x2  
  110  7:37  Barracks Reactor, Barracks Tech Lab  
  110  7:38  SCV x2  
  110  7:42  Supply Depot  
  111  7:49  Supply Depot  
  111  7:50  SCV x2  
  113  7:51  Ghost Academy  
  113  7:53  Marine x2  
  113  7:56  Marauder  
  116  7:59  SCV  
  116  8:04  SCV, Widow Mine x2  
  122  8:06  Marauder  
  122  8:10  Refinery  
  124  8:13  Supply Depot, SCV x2, Marauder  
  124  8:16  SCV  
  124  8:18  Marine x4  
  133  8:25  Refinery  
  133  8:33  Supply Depot  
  133  8:34  SCV x2, Ghost x3  
  133  8:35  Supply Depot  
  133  8:41  Liberator x2  
  141  8:46  Starport  
  141  8:52  SCV  
  141  8:54  Supply Depot, Marine x4  
  141  8:55  SCV x2, Supply Depot  
  153  9:07  Enhanced Shockwaves  
  152  9:11  Marauder  
  152  9:12  Command Center, Liberator x2, Marauder  
  152  9:14  Supply Depot  
  152  9:15  Marine x2  
  152  9:16  Marauder  
  160  9:23  Marine x2  
  162  9:25  Supply Depot  
  162  9:27  Liberator  
  168  9:33  Marine, Marauder x2  
  165  9:38  SCV x2  
  165  9:44  SCV  
  162  9:48  Marine x3  
  151  9:54  Marine  
  151  9:55  Marine  
  146  10:01  Marauder  
  146  10:03  SCV  
  131  10:08  Marine x2  
  131  10:12  Marine, Marauder  
  131  10:14  SCV  
  135  10:18  SCV x2  
  137  10:30  Ghost  
  137  10:32  Marine x2  
  137  10:33  Marine x2  
  141  10:38  SCV x2  
  141  10:39  SCV  
  141  10:42  Marine x2  
  143  10:49  Orbital Command  
  144  10:50  SCV  
  144  10:51  Marine x2  
  144  10:56  Marine  
  129  10:59  Ghost  
  129  11:01  SCV x2  
  129  11:03  Ghost  
  134  11:06  SCV  
  128  11:11  Marine x3  
  128  11:12  Marine  
  124  11:19  SCV  
  124  11:20  SCV  
  124  11:21  SCV  
  124  11:25  SCV  
  123  11:28  Marauder  
  123  11:31  Marine x3  
  123  11:32  SCV  
  128  11:33  SCV  
  128  11:39  SCV  
  113  11:41  SCV  
  109  11:48  Marauder x2  
  109  11:49  Marauder  
  109  11:50  SCV  
  113  11:54  Viking  
  105  12:01  Viking  
  105  12:05  Marine x4  
  105  12:07  SCV  
  92  12:09  Liberator  
  92  12:10  Marauder x2  
  92  12:13  Marauder  
  92  12:14  Viking, Liberator  
  92  12:15  Viking  
  96  12:17  SCV  
  96  12:18  SCV  
  98  12:25  SCV  
  98  12:27  Marine x2  
  104  12:31  Marauder x2  
  104  12:33  SCV x2  
  104  12:34  Marine x2, Marauder  
  117  12:38  SCV x2  
  119  12:44  Viking  
  119  12:45  Marine x2  
  123  12:51  Marine  
  123  12:52  Marine  
  123  12:53  Viking  
  123  12:55  Marine  
  123  12:56  Marauder  
  128  12:59  Ghost  
  128  13:04  SCV  
  125  13:06  Marine x2  
  125  13:09  Viking  
  125  13:12  Orbital Command  
  128  13:13  Marine x2  
  136  13:20  SCV x2  
  136  13:22  SCV  
Show
View Real Time Build Order
Export as new Build Order

Harstem Protoss - Winner!

Build Orders: 1 Gate Expand, Oracle Opening, Zealot Archon 

Get SALT Encoding   

  12  0:00  Probe  
  13  0:12  Probe  
  14  0:18  Pylon  
  14  0:24  Probe (Chrono Boost)  
  15  0:37  Probe (Chrono Boost), Gateway  
  16  0:45  Probe (Chrono Boost)  
  16  0:48  Assimilator  
  17  0:51  Probe  
  18  1:03  Probe  
  19  1:15  Probe  
  20  1:22  Nexus  
  20  1:32  Cybernetics Core  
  20  1:34  Probe  
  20  1:39  Assimilator  
  21  1:46  Probe  
  22  1:49  Pylon  
  22  1:58  Probe  
  23  2:05  Adept (Chrono Boost)  
  25  2:10  Probe  
  25  2:12  Stargate  
  26  2:23  Probe  
  26  2:26  Adept (Chrono Boost)  
  29  2:34  Warp Gate  
  29  2:35  Probe (Chrono Boost)  
  31  2:40  Probe (Chrono Boost)  
  32  2:45  Probe (Chrono Boost)  
  32  2:48  Probe (Chrono Boost)  
  32  2:49  Adept  
  32  2:50  Probe (Chrono Boost)  
  36  2:59  Probe  
  36  3:01  Probe  
  38  3:11  Probe  
  38  3:12  Oracle (Chrono Boost)  
  38  3:14  Probe  
  41  3:23  Probe  
  41  3:26  Probe  
  41  3:32  Gateway  
  41  3:34  Gateway  
  41  3:35  Probe  
  43  3:43  Oracle (Chrono Boost)  
  43  3:45  Pylon  
  46  3:54  Nexus  
  46  3:55  Probe  
  46  4:03  Probe  
  46  4:07  Probe  
  46  4:08  Pylon  
  48  4:16  Probe  
  49  4:19  Probe  
  49  4:20  Forge  
  49  4:21  Twilight Council  
  50  4:28  Sentry, Probe  
  50  4:30  Assimilator  
  53  4:31  Probe  
  54  4:40  Probe  
  54  4:43  Protoss Ground Armor Level 1 (Chrono Boost), Probe  
  56  4:46  Zealot x2  
  56  4:51  Shield Battery  
  56  4:52  Probe, Pylon  
  61  4:54  Charge (Chrono Boost)  
  61  4:55  Probe  
  62  5:05  Probe  
  62  5:06  Stalker x2  
  65  5:08  Probe (Chrono Boost)  
  65  5:10  Probe (Chrono Boost)  
  58  5:18  Probe (Chrono Boost)  
  58  5:20  Probe (Chrono Boost)  
  61  5:22  Sentry, Pylon  
  61  5:26  Probe (Chrono Boost)  
  61  5:27  Gateway  
  63  5:29  Gateway  
  63  5:30  Probe (Chrono Boost), Gateway  
  63  5:32  Probe  
  63  5:33  Probe  
  66  5:37  Sentry  
  66  5:42  Probe  
  69  5:43  Assimilator  
  69  5:44  Zealot  
  69  5:45  Pylon  
  69  5:46  Probe  
  69  5:47  Probe  
  73  5:54  Probe  
  74  5:58  Probe, Zealot  
  74  6:03  Gateway  
  77  6:06  Zealot, Templar Archives, Gateway  
  77  6:08  Zealot  
  77  6:11  Probe  
  82  6:13  Probe  
  82  6:17  Assimilator  
  83  6:21  Zealot  
  83  6:22  Probe  
  83  6:24  Zealot x2, Pylon  
  90  6:28  Pylon  
  90  6:36  Zealot x2  
  90  6:37  Robotics Facility  
  94  6:40  Probe  
  94  6:43  Probe  
  96  6:47  High Templar  
  96  6:48  Zealot, High Templar  
  96  6:52  Archon  
  96  6:53  Zealot  
  102  6:55  Protoss Ground Armor Level 2 (Chrono Boost)  
  102  6:58  Stalker x3  
  108  7:02  Pylon  
  108  7:04  Zealot  
  108  7:06  Pylon  
  110  7:13  Probe  
  110  7:14  Probe  
  111  7:19  Photon Cannon  
  111  7:20  Zealot x4  
  111  7:21  High Templar  
  111  7:22  High Templar  
  123  7:24  Pylon  
  123  7:27  Archon  
  122  7:31  Forge  
  122  7:33  Pylon  
  122  7:42  Warp Prism (Chrono Boost), Nexus  
  122  7:45  Robotics Bay  
  122  7:50  Probe  
  124  7:54  Probe  
  124  7:55  Blink (Chrono Boost)  
  124  7:57  Assimilator  
  125  8:00  Stalker x2  
  125  8:03  Pylon  
  127  8:15  Robotics Facility  
  125  8:23  Probe x3  
  128  8:27  Photon Cannon  
  128  8:29  Disruptor (Chrono Boost)  
  128  8:31  Photon Cannon  
  128  8:32  Pylon  
  131  8:35  Zealot x2, Probe x3, High Templar x2  
  131  8:36  Zealot  
  131  8:39  Pylon  
  131  8:40  Archon  
  144  8:43  Pylon  
  144  8:57  Disruptor (Chrono Boost)  
  145  9:03  Probe  
  145  9:09  Zealot x3  
  153  9:10  Zealot x5  
  153  9:13  Disruptor (Chrono Boost)  
  153  9:14  Gateway  
  153  9:16  Gateway  
  163  9:17  Protoss Ground Armor Level 3  
  163  9:23  Disruptor (Chrono Boost)  
  164  9:37  Zealot x7  
  164  9:38  Zealot  
  180  9:41  Disruptor (Chrono Boost)  
  177  9:51  Disruptor (Chrono Boost)  
  141  10:01  Zealot x6  
  139  10:13  Probe, Extended Thermal Lance  
  139  10:14  Disruptor (Chrono Boost), Protoss Ground Weapons Level 1  
  134  10:17  Probe  
  134  10:19  Assimilator  
  138  10:22  Colossus (Chrono Boost)  
  138  10:23  Assimilator  
  138  10:24  Zealot x3  
  138  10:25  Stalker x3, Zealot  
  156  10:29  Stalker x2  
  156  10:42  Stalker  
  145  10:55  Stalker x6  
  145  10:56  Stalker  
  157  11:10  Pylon  
  145  11:20  Nexus  
  145  11:24  Stalker x8  
  136  11:40  Stalker x2  
  136  11:44  Colossus (Chrono Boost)  
  136  11:51  Colossus (Chrono Boost)  
  136  11:52  Stalker, Sentry  
  136  11:53  Stalker  
  131  12:15  Stalker x3, Zealot x3  
  141  12:27  Zealot x2  
  141  12:28  Zealot x2  
  149  12:36  Disruptor  
  146  12:41  Zealot  
  146  12:42  Stalker x3  
  157  12:45  Disruptor  
  148  13:05  Stalker x3  
  148  13:06  Stalker x4  
Tags
 
Add a new tag
Caveats
  • Supply blocks, unpowered buildings, or Contaminate may cause inaccurate times.
  • Supply counts are checked every 10 seconds.